 Dungeon Crawl Stone Soup version 0.31.0-11-ge490571c62 (webtiles) character file.

Game seed: 5062560919990626309

3072 Arctor the Thaumaturge (level 9, -6/45 HPs)
             Began as a Deep Elf Fire Elementalist on Feb 5, 2024.
             Was an Initiate of Sif Muna.
             Mangled by a gnoll sergeant
             ... wielding a +0 spear
              (13 damage)
             ... on level 7 of the Dungeon.
             The game lasted 00:10:28 (9250 turns).

Arctor the Thaumaturge (Deep Elf Fire Elementalist) Turns: 9250, Time: 00:10:29

Health: -6/45      AC:  4    Str:  5    XL:     9   Next: 58%
Magic:  1/23       EV: 15    Int: 25    God:    Sif Muna [......]
Gold:   343        SH:  0    Dex: 15    Spells: 14/24 levels left

rFire   + . .        y - +3 quarterstaff (chaos)
rCold   x . .        (shield currently unavailable)
rNeg    . . .        a - +0 robe
rPois   .            (no helmet)
rElec   .            z - +0 cloak
rCorr   .            f - +0 pair of gloves
SInv    .            (no boots)
Will    .....        k - amulet of the acrobat
Stlth   ++++         g - ring of fire
HPRegen 0.27/turn    (no ring)
MPRegen 0.18/turn

%: acrobat
@: no status effects
A: screaming 1
a: Renounce Religion


You were on level 7 of the Dungeon.
You worshipped Sif Muna.
Sif Muna was noncommittal.
You visited 2 branches of the dungeon, and saw 8 of its levels.

You collected 343 gold pieces.

Inventory:

Hand Weapons
 p - a +3 short sword
 y - a +3 quarterstaff of chaos (weapon)
Missiles
 h - a throwing net
Armour
 a - a +0 robe (worn)
 f - a +0 pair of gloves (worn)
 w - an orb of light
 z - a +0 cloak (worn)
Jewellery
 g - a ring of fire (left hand)
 k - an amulet of the acrobat (around neck)
Wands
 t - a wand of flame (17)
 E - a wand of digging (3)
Scrolls
 c - 2 scrolls of immolation
 d - 2 scrolls of fear
 i - 3 scrolls of enchant weapon
 l - a scroll of vulnerability
 m - a scroll of enchant armour
 n - a scroll of brand weapon
 r - 3 scrolls of revelation
 s - a scroll of noise
 u - a scroll of amnesia
 x - 2 scrolls of blinking {unknown}
 C - 2 scrolls of summoning {unknown}
 F - a scroll of identify
Potions
 b - 2 potions of magic
 e - a potion of berserk rage
 j - a potion of mutation
 o - 5 potions of curing {unknown}
 q - a potion of might {unknown}
 v - a potion of experience {unknown}
 A - a potion of attraction {unknown}
 B - a potion of resistance {unknown}
 D - 2 potions of enlightenment {unknown}


   Skills:
 + Level 7.3 Dodging
 + Level 7.8 Stealth
 + Level 8.0 Spellcasting
 + Level 6.2 Conjurations
 + Level 4.3 Translocations
 + Level 7.0 Fire Magic


You had 14 spell levels left.
You knew the following spells:

 Your Spells              Type           Power      Damage    Failure   Level
a - Foxfire               Conj/Fire      100%       2x1d9     1%          1
b - Scorch                Fire           100%       2d9       1%          2
c - Volatile Blastmotes   Fire/Tloc      100%       2d18      1%          3
d - Flame Wave            Conj/Fire      60%        2d14      4%          4

Your spell library contained the following spells:

 Spells                   Type           Power      Damage    Failure   Level
 Magic Dart               Conj           100%       1d8       1%          1
 Sting                    Conj/Alch      100%       1d9       1%          1
 Blink                    Tloc           62%        N/A       1%          2
 Gell's Gravitas          Tloc           31%        N/A       3%          3
 Teleport Other           Tloc           31%        N/A       3%          3
 Inner Flame              Hex/Fire       41%        N/A       4%          3
 Call Imp                 Summ           20%        N/A       9%          2
 Ensorcelled Hibernation  Hex/Ice        20%        N/A       9%          2
 Mercury Vapours          Alch/Air       20%        N/A       9%          2
 Fugue of the Fallen      Necr           10%        N/A       19%         3
 Anguish                  Hex/Necr       5%         N/A       52%         4
 Olgreb's Toxic Radiance  Alch           10%        N/A       52%         4
 Dispersal                Tloc           15%        N/A       83%         6


Dungeon Overview and Level Annotations

Branches:
Dungeon (7/15)             Temple (1/1) D:7

Altars:
Ashenzari
Cheibriados
Dithmenos
Gozag
Hepliaklqana
Kikubaaqudgha
Makhleb
Nemelex Xobeh
Qazlal
Sif Muna
Uskayaw
Vehumet
Xom
Yredelemnul
The Shining One

Shops:
D:2 :   D:6 (

Annotations:
D:4 2 transporters, ProzacElf's ghost, amateur AtWn


Innate Abilities, Weirdness & Mutations

You occasionally shout uncontrollably at your foes.


Message History

The gnoll sergeant is moderately wounded.
The gnoll sergeant hits you from afar with a +0 spear.
Casting: Foxfire (safe; 1% risk of failure)
Confirm with . or Enter, or press ? or * to list all spells.
You don't have enough magic to cast this spell.
You feel a surge of power!
You conjure some foxfire!
The gnoll sergeant hits you from afar with a +0 spear!
Casting: Foxfire (safe; 1% risk of failure)
Confirm with . or Enter, or press ? or * to list all spells.
You don't have enough magic to cast this spell.
Unknown command.
A gnoll sergeant is nearby!
Your foxfire dissipates!
The foxfire hits the gnoll sergeant.
The gnoll sergeant is heavily wounded.
The gnoll sergeant completely misses you.
The gnoll sergeant attacks as it pursues you!
The gnoll sergeant hits you from afar with a +0 spear.
The gnoll sergeant attacks as it pursues you!
The gnoll sergeant hits you from afar with a +0 spear.
Casting: Foxfire (safe; 1% risk of failure)
Confirm with . or Enter, or press ? or * to list all spells.
You feel a surge of power!
You conjure some foxfire!
The gnoll sergeant hits you from afar with a +0 spear.
Your foxfire dissipates!
The foxfire hits the gnoll sergeant.
The gnoll sergeant is heavily wounded.
The gnoll sergeant completely misses you.
You hit the gnoll sergeant but do no damage.
The gnoll sergeant is heavily wounded.
The gnoll sergeant completely misses you.
The gnoll sergeant misses you.
You hit the gnoll sergeant.
The gnoll sergeant is poisoned.
The gnoll sergeant is severely wounded.
The gnoll sergeant hits you with a +0 spear!
* * * LOW HITPOINT WARNING * * *
It was a potion of mutation.
You feel extremely strange.
You feel the urge to shout.
The gnoll sergeant hits you with a +0 spear!
You die...

###.###'###.# ####...#
#.# #.# #....#.###.###.#
#.)....+.._###.####
#.†.##.###.###....#
##.)...# #.# #..#.#
#)##..###+###....#
#.###........(.#.#
######.######.g@.#.##...
.............#.##...#
###
.##.###.####...####.#
#.###.####.### #'#
...........# .
.##.###.##.# .. ..
.)†....# .. #. #.#.##..#
.§.....##..'


You could see a gnoll sergeant (very poisoned).

Vanquished Creatures
  Grinder (D:6)
  A wyvern (D:7)
  Menkaure (D:4)
  Edmund (D:5)
  Duvessa (D:6)
  3 black bears
  An ice beast (D:3)
  2 orc warriors (D:6)
  2 ogres (D:4)
  2 phantoms
  A scorpion (D:4)
  4 bullfrogs
  A gnoll sergeant (D:7)
  3 wights (D:7)
  Dowan (D:6)
  2 bombardier beetles
  A jelly (D:7)
  2 hounds
  2 orc priests
  A gnoll bouda (D:6)
  Crazy Yiuf (D:4)
  4 iguanas
  2 sleepcaps
  4 orc wizards
  25 gnolls
  8 adders
  A dart slug (D:2)
  A ribbon worm (D:2)
  29 orcs
  8 ball pythons
  4 bats
  7 endoplasms
  2 giant cockroaches
  10 goblins
  5 hobgoblins
  3 quokkas
  5 frilled lizards
  A kobold (D:4)
  6 rats
159 creatures vanquished.

Vanquished Creatures (collateral kills)
  3 foxfires (D:2)
3 creatures vanquished.

Vanquished Creatures (others)
  896 foxfires
896 creatures vanquished.

Grand Total: 1058 creatures vanquished

Notes
Turn   | Place    | Note
-------+----------+-------------------------------------------
     0 | D:1      | Arctor the Deep Elf Fire Elementalist began the quest for
                  | the Orb.
     0 | D:1      | Reached XP level 1. HP: 10/10 MP: 6/6
   109 | D:1      | Reached XP level 2. HP: 15/15 MP: 4/8
   114 | D:1      | Learned a level 2 spell: Scorch
   802 | D:1      | Reached XP level 3. HP: 19/19 MP: 5/9
  1500 | D:2      | Reached XP level 4. HP: 24/24 MP: 5/11
  2121 | D:2      | Found Luelisaf's Book Shop.
  2147 | D:2      | Learned a level 3 spell: Volatile Blastmotes
  2164 | D:2      | Reached skill level 4 in Spellcasting
  2969 | D:3      | Reached XP level 5. HP: 28/28 MP: 11/13
  3553 | D:3      | Noticed an ice beast
  3558 | D:3      | Killed an ice beast
  3980 | D:4      | Reached XP level 6. HP: 32/32 MP: 7/14
  4129 | D:4      | Found a transporter.
  4132 | D:4      | Noticed ProzacElf's ghost (amateur AtWn)
  4170 | D:4      | Noticed Menkaure
  4174 | D:4      | Killed Menkaure
  4175 | D:4      | Reached skill level 5 in Spellcasting
  4254 | D:4      | Reached skill level 5 in Stealth
  4254 | D:4      | Reached XP level 7. HP: 36/36 MP: 6/16
  4439 | D:4      | Found a transporter.
  4612 | D:4      | Reached skill level 5 in Fire Magic
  4830 | D:4      | Found a runed translucent door.
  4831 | D:4      | Noticed Crazy Yiuf
  4890 | D:4      | Reached skill level 5 in Dodging
  5341 | D:4      | Learned a level 4 spell: Flame Wave
  5344 | D:4      | Killed Crazy Yiuf
  5475 | D:5      | Entered Level 5 of the Dungeon
  5567 | D:5      | Reached skill level 1 in Translocations
  5698 | D:5      | Reached skill level 6 in Spellcasting
  5872 | D:5      | Found a sparkling altar of Nemelex Xobeh.
  5914 | D:5      | Reached XP level 8. HP: 26/41 MP: 11/19
  6112 | D:5      | Noticed Edmund
  6120 | D:5      | Killed Edmund
  6549 | D:6      | Found Miall's Antique Weapon Shoppe.
  6746 | D:6      | Noticed Grinder
  6756 | D:6      | Killed Grinder
  6757 | D:6      | Reached skill level 5 in Conjurations
  6822 | D:6      | Found a snail-covered altar of Cheibriados.
  6849 | D:6      | Found a hide-covered altar of Uskayaw.
  6856 | D:6      | Found a hazy altar of Hepliaklqana.
  6896 | D:6      | Reached skill level 7 in Spellcasting
  7279 | D:6      | Reached XP level 9. HP: 45/45 MP: 9/21
  7448 | D:6      | Noticed Duvessa
  7456 | D:6      | Identified the +2 robe "Qagh" {rElec rPois rF- SInv}
  7456 | D:6      | Noticed Dowan
  7457 | D:6      | Killed Duvessa
  7461 | D:6      | Killed Dowan
  8448 | D:7      | Found a staircase to the Ecumenical Temple.
  8511 | Temple   | Entered the Ecumenical Temple
  8520 | Temple   | Became a worshipper of Sif Muna the Loreminder
  8940 | D:7      | Found a shimmering altar of Xom.
  9216 | D:7      | Reached skill level 8 in Spellcasting
  9250 | D:7      | Gained mutation: You occasionally shout uncontrollably at
                  | your foes. [potion of mutation]
  9250 | D:7      | Mangled by a gnoll sergeant

Illustrated notes

Levels and vault maps discovered:
D:1:      amcnicky_arrival_flooded_fountain, layout_rooms, minmay_misc_feat_rows
D:2:      layout_loops_corners, serial_shops, nicolae_book_shop_shelving,
          serial_bayou_crossing
D:3:      layout_loops_ring
D:4:      layout_gridville, gammafunk_ghost_stat_death, uniq_crazy_yiuf_cottage,
          uniq_menkaure
D:5:      layout_basic, nemelex_spade_bored_becter,
          nicolae_ossuary_entry_false_entrances, uniq_edmund
D:6:      layout_rooms, minitemple, serial_shops, nicolae_shop_scrapyard,
          amethyst_killhole, uniq_grinder, uniq_duvessa
D:7:      layout_loops_corners, lemuel_doored_altar,
          minmay_temple_entry_statues_fountains, grunt_decor_fettered,
          grunt_ministairs_4, minmay_diced_spiral
Temple:   compressed_dpeg_circular_temple

Skill      XL: |  1  2  3  4  5  6  7  8  9 |
---------------+----------------------------+-----
Stealth        | 3 4 5 7 |  7.8
Dodging        | 3 4 5 6 7 |  7.3
Conjurations   | 2 3 4 5 6 |  6.2
Fire Magic     | 4 5 6 7 |  7.0
Spellcasting   | 4 5 6 7 8 |  8.0
Translocations | 1 3 4 |  4.3

Action                     |  1- 3 |  4- 6 |  7- 9 || total
---------------------------+-------+-------+-------++-------
  Melee: Short sword       |       |     2 |       ||     2
         Quarterstaff      |       |       |    11 ||    11
   Cast: Foxfire           |   102 |   153 |   322 ||   577
         Scorch            |       |    11 |    71 ||    82
    Use: Scroll            |       |     4 |     6 ||    10
         Potion            |       |       |     2 ||     2
   Stab: Sleeping          |       |       |     1 ||     1
 Armour: Robe              |     1 |     6 |    49 ||    56
  Dodge: Dodged            |     3 |     9 |    52 ||    64
